 Dungeon Crawl Stone Soup version 0.20.1-2-g1830e616b0 (webtiles) character file.

63 Alfie the Shooter (level 4, 0/33 HPs)
             Began as a Human Hunter on Jan 23, 2020.
             Slain by a kobold (1 damage)
             ... on level 2 of the Dungeon.
             The game lasted 00:03:30 (1121 turns).

Alfie the Shooter (Human Hunter)                    Turns: 1121, Time: 00:03:30

Health: 0/33       AC:  3    Str: 13    XL:     4   Next: 30%
Magic:  4/4        EV: 12    Int: 12    God:
Gold:   83         SH:  0    Dex: 13    Spells: 3/3 levels left

rFire    . . .     SeeInvis .   a - +1 shortbow
rCold    . . .     Gourm    .   (shield currently unavailable)
rNeg     . . .     Faith    .   c - +0 leather armour
rPois    .         Spirit   .   (no helmet)
rElec    .         Reflect  .   (no cloak)
rCorr    .         Harm     .   (no gloves)
MR       .....                  (no boots)
Stlth    +.........             (no amulet)
Regen    0.2/turn               (no ring)
MPRegen  0.1/turn               (no ring)

@: no status effects
A: no striking features
a: no special abilities


You were on level 2 of the Dungeon.
You were not hungry.

You visited 1 branch of the dungeon, and saw 2 of its levels.

You collected 83 gold pieces.

Inventory:

Hand Weapons
 a - a +1 shortbow (weapon)
 b - a +0 short sword
Missiles
 d - 21 arrows (quivered)
 j - 8 tomahawks
Armour
 c - a +0 leather armour (worn)
Jewellery
 l - a cursed amulet of inaccuracy {unknown}
Scrolls
 e - a scroll of random uselessness {unknown}
 i - a scroll of identify {unknown}
 o - a scroll of blinking {unknown}
 q - a scroll of remove curse {unknown}
Potions
 h - a potion of heal wounds {unknown}
 m - a potion of ambrosia {unknown}
 n - a potion of agility {unknown}
 p - a potion of degeneration {unknown}
Comestibles
 f - 2 bread rations
 g - a meat ration
 k - a royal jelly


   Skills:
 + Level 2.2 Fighting
 + Level 5.3 Bows
 + Level 2.0 Dodging
 + Level 1.3 Stealth


You had 3 spell levels left.
You didn't know any spells.

Dungeon Overview and Level Annotations

Branches:
Dungeon (2/15)

Altars:
Trog

Annotations:
D:2 Sigmund


Message History

Aim: Sigmund, wielding a scythe and wearing a runed robe (hasn't noticed you)
You shoot an arrow. The arrow barely misses Sigmund.
Sigmund shouts!
Firing (i - inventory. (,) - cycle):
d - 22 arrows (quivered)
Press: ? - help, Shift-Dir - straight line, f/p - Sigmund
Aim: Sigmund, wielding a scythe and wearing a runed robe You shoot an arrow.
The arrow hits Sigmund but does no damage.
Sigmund casts a spell at you. The puff of flame hits you!
Sigmund says, "Look into my eyes."
Sigmund gestures at you while chanting. The magic dart hits you!
Sigmund hits you with a scythe!
* * * LOW HITPOINT WARNING * * *
The kobold closely misses you. Sigmund closely misses you.
Sigmund barely misses you. The kobold misses you.
There is a stone staircase leading up here.
The kobold hits you.
You die...

### #.### ####...#
#....#.############
##.####.#..........#
########..# #.)@.........#
.........## ###.K........#
.........# ###..@.......#
.........# #............#
.........# #...#..........#
.........###.###..........#
............ #...........#
.....#..#...###...........#
.....#..........##.########


You could see Sigmund and a kobold.

Vanquished Creatures
  3 adders (D:2)
  A worm (D:2)
  A dart slug (D:2)
  A giant cockroach (D:2)
  6 goblins
  6 hobgoblins
  2 bats
  2 frilled lizards (D:1)
  6 kobolds
  4 rats
32 creatures vanquished.

Notes
Turn   | Place    | Note
-------+----------+-------------------------------------------
     0 | D:1      | Alfie the Human Hunter began the quest for the Orb.
     0 | D:1      | Reached XP level 1. HP: 16/16 MP: 1/1
   155 | D:1      | Reached XP level 2. HP: 19/22 MP: 2/2
   695 | D:1      | Reached XP level 3. HP: 27/27 MP: 3/3
   747 | D:1      | You fall through a shaft!
   840 | D:2      | Reached skill level 5 in Bows
   946 | D:2      | Reached XP level 4. HP: 29/33 MP: 4/4
   995 | D:2      | Found a bloodstained altar of Trog.
  1102 | D:2      | Noticed Sigmund
  1117 | D:2      | HP: 1/33 [Sigmund/scythe (12)]
  1121 | D:2      | Slain by a kobold

Skill      XL: |  1  2  3 |
---------------+----------+-----
Bows           | 5 |  5.3
Fighting       | |  2.2
Dodging        | |  2.0
Stealth        | |  1.3

Action                   |  1- 3 |  4- 6 || total
-------------------------+-------+-------++-------
 Fire: Shortbow          |    66 |    19 ||    85
Armor: Leather armour    |     7 |       ||     7
Dodge: Dodged            |    12 |     4 ||    16
